Map: Whitewater Line LE

Players

Faust

  • Race: Zerg Zerg
  • League: Diamond
  • Spawn Location: 6:00

Cthulhu

  • Race: Terran Terran
  • Spawn Location: 7:00

Throwfordays

  • Race: Protoss Protoss
  • League: Silver
  • Spawn Location: 7:00

ZON

  • Race: Protoss Protoss
  • League: Diamond
  • Spawn Location: 12:00

Brunoma

  • Race: Protoss Protoss
  • Spawn Location: 1:00

TiME

  • Race: Zerg Zerg
  • League: Diamond
  • Spawn Location: 1:00

VOD

Have the link to the VOD?

Description

Time

  • Played on: April 1, 2019, 11:23 p.m.
  • Length: 12:38
Show
View Real Time Build Order
Export as new Build Order

Faust Zerg 

Build Orders: Hatch First 

Get SALT Encoding   

  12  0:03  Drone  
  13  0:16  Drone  
  13  0:20  Extractor, Drone  
  15  0:23  Overlord  
  15  0:42  Drone  
  16  0:43  Drone  
  17  0:53  Drone  
  18  1:02  Drone  
  18  1:03  Hatchery  
  18  1:04  Extractor  
  17  1:18  Spawning Pool  
  17  1:21  Drone  
  17  1:28  Drone  
  18  1:39  Drone  
  19  1:45  Overlord  
  19  2:08  Queen  
  19  2:09  Metabolic Boost  
  21  2:16  Queen  
  21  2:17  Drone x3  
  21  2:19  Drone  
  27  2:32  Baneling Nest  
  27  2:33  Drone  
  27  2:37  Drone  
  27  2:40  Overlord  
  29  2:44  Drone  
  29  2:57  Drone  
  29  2:58  Drone  
  31  2:59  Drone  
  32  3:07  Drone  
  32  3:10  Drone  
  34  3:13  Lair  
  34  3:17  Drone x2  
  34  3:18  Overlord  
  34  3:19  Drone  
  37  3:21  Drone  
  37  3:25  Extractor  
  37  3:27  Extractor  
  37  3:28  Drone x2  
  37  3:30  Drone  
  37  3:32  Drone  
  40  3:36  Drone  
  40  3:37  Drone  
  42  4:05  Drone x3  
  45  4:13  Spore Crawler x2  
  45  4:15  Drone  
  44  4:17  Drone x2  
  44  4:18  Drone x2, Overlord x2  
  44  4:23  Spire  
  47  4:29  Overlord  
  47  4:37  Infestation Pit  
  47  4:38  Drone x2  
  48  4:52  Drone x3, Hatchery  
  51  4:53  Drone x3  
  51  4:57  Extractor  
  51  4:58  Extractor  
  51  5:35  Mutalisk  
  51  5:36  Extractor, Mutalisk x6  
  51  5:38  Drone x3  
  51  5:39  Overlord x2  
  67  5:48  Zergling x4  
  69  6:08  Zergling x6  
  72  6:26  Mutalisk x5  
  72  6:31  Queen  
  84  6:33  Drone  
  84  6:34  Drone x5  
  90  6:43  Zerg Flyer Weapons Level 1  
  90  6:44  Hive  
  90  6:47  Drone  
  90  6:48  Drone x2  
  93  6:58  Hatchery  
  85  7:23  Zergling x22  
  96  7:44  Drone x2  
  96  7:45  Overlord  
  96  7:46  Overlord x6  
  95  7:53  Evolution Chamber x2  
  83  8:08  Mutalisk  
  83  8:09  Mutalisk x13  
  100  8:40  Zergling x12  
  101  8:44  Zerg Flyer Weapons Level 2  
  101  8:46  Adrenal Glands  
  95  8:49  Zerg Melee Weapons Level 1, Zerg Ground Armor Level 1  
  90  9:39  Baneling  
  90  9:40  Baneling x5  
  90  9:50  Hatchery  
  89  9:55  Infestation Pit  
  89  9:58  Ultralisk Cavern  
  88  10:04  Zergling x22  
  88  10:05  Zergling x2  
  100  10:20  Burrow  
  98  10:22  Centrifical Hooks  
  98  10:30  Drone x3  
  98  10:31  Drone x3  
  98  10:32  Drone  
  62  11:06  Zergling x8  
  62  11:07  Zergling x8  
  70  11:19  Zergling x2  
  70  11:20  Zergling x8  
  52  11:40  Zergling x2  
  52  11:41  Zergling x10  
  48  11:48  Ultralisk  
  48  11:51  Queen  
  51  11:59  Baneling x2  
Show
View Real Time Build Order
Export as new Build Order

Cthulhu Terran 

Build Orders:  

Get SALT Encoding   

  12  0:01  SCV  
  13  0:13  SCV  
  14  0:24  Supply Depot  
  14  0:26  SCV  
  15  0:46  SCV  
  16  0:58  SCV, Barracks  
  17  1:10  SCV  
  18  1:19  Command Center  
  18  1:22  SCV  
  19  1:34  SCV  
  20  1:46  Supply Depot  
  20  1:47  Refinery, SCV  
  21  1:49  Refinery  
  21  1:58  Marine  
  21  1:59  Orbital Command  
  22  2:20  Supply Depot  
  22  2:37  SCV, Orbital Command  
  22  2:43  Barracks  
  23  2:47  Factory  
  23  2:50  Marine  
  24  2:53  SCV  
  25  3:03  SCV  
  26  3:12  SCV  
  27  3:13  Marine, Engineering Bay  
  28  3:23  SCV  
  29  3:30  Supply Depot  
  29  3:35  SCV x2  
  31  3:49  SCV x2  
  31  3:53  Factory Tech Lab  
  33  3:59  Starport  
  33  4:00  Refinery  
  33  4:01  Marine x2, SCV x2  
  33  4:02  Refinery  
  36  4:16  Missile Turret x2  
  34  4:18  Marine  
  34  4:19  Marine  
  34  4:20  Missile Turret  
  34  4:23  Widow Mine  
  38  4:35  SCV  
  38  4:36  Marine, SCV  
  41  4:57  Supply Depot  
  41  5:16  Marine, SCV x2  
  41  5:17  Marauder  
  41  5:19  Widow Mine  
  48  5:25  Starport  
  48  5:28  SCV x2  
  50  5:30  Armory  
  50  5:33  Ghost Academy  
  50  5:39  Combat Shield  
  50  5:41  Marauder  
  54  5:50  Widow Mine  
  54  6:06  SCV x2  
  54  6:07  Marine, Marauder  
  59  6:12  Starport Reactor  
  59  6:34  SCV  
  59  6:35  Marine, SCV, Marauder  
  59  6:37  Widow Mine  
  59  6:38  Starport Reactor  
  66  6:47  Personal Cloaking  
  66  6:51  Ghost Academy  
  66  6:55  Supply Depot  
  66  6:56  Ghost  
  69  7:08  SCV x2  
  69  7:10  Sensor Tower  
  69  7:15  Terran Infantry Weapons Level 1  
  70  7:17  Marine, Viking, Widow Mine  
  70  7:19  Terran Ship Weapons Level 1  
  75  7:28  Ghost  
  75  7:37  Supply Depot  
  75  7:40  Nuke  
  75  7:43  Supply Depot  
  75  7:47  Marine, SCV x2  
  78  7:56  Marine, Medivac x3  
  85  7:59  Viking  
  87  8:13  Nuke  
  63  8:28  SCV x2  
  63  8:29  Marine  
  63  8:30  Ghost  
  65  8:53  SCV  
  65  8:54  Marine  
  67  8:57  Viking x2  
  67  8:58  Viking x2  
  67  8:59  Marine  
  76  9:21  Marine x2  
  76  9:24  Widow Mine  
  80  9:30  Supply Depot  
  80  9:33  SCV x2  
  80  9:35  Viking x3, Medivac  
  80  9:37  Terran Infantry Weapons Level 2  
  86  9:45  Widow Mine  
  88  10:04  Marine, Ghost  
  91  10:18  Stimpack  
  91  10:23  Marine  
  90  10:39  SCV  
Show
View Real Time Build Order
Export as new Build Order

Throwfordays Protoss 

Build Orders: Nexus First 

Get SALT Encoding   

  12  0:02  Probe  
  13  0:14  Probe  
  13  0:18  Pylon  
  14  0:26  Probe  
  15  0:38  Probe  
  16  0:50  Probe  
  17  1:02  Nexus  
  17  1:09  Pylon  
  17  1:20  Forge  
  17  1:23  Assimilator  
  17  1:30  Probe  
  18  1:42  Probe  
  19  1:50  Assimilator  
  19  1:54  Probe  
  20  2:06  Photon Cannon  
  20  2:09  Photon Cannon  
  20  2:12  Probe  
  20  2:13  Pylon  
  21  2:20  Probe  
  22  2:24  Probe  
  22  2:28  Probe  
  23  2:36  Probe  
  23  2:37  Probe  
  25  2:42  Photon Cannon  
  26  2:49  Photon Cannon  
  26  2:54  Probe  
  26  2:55  Probe  
  28  3:06  Probe  
  28  3:07  Probe  
  30  3:18  Probe  
  30  3:19  Probe  
  32  3:30  Probe  
  32  3:31  Probe  
  34  3:37  Pylon  
  34  3:40  Photon Cannon  
  34  3:42  Probe  
  34  3:43  Probe  
  34  3:46  Photon Cannon  
  36  3:50  Assimilator  
  36  3:53  Assimilator  
  36  3:54  Probe  
  37  3:55  Probe  
  37  3:57  Photon Cannon  
  38  4:04  Photon Cannon  
  38  4:06  Probe  
  39  4:22  Probe  
  37  4:24  Probe  
  37  4:31  Probe  
  38  4:32  Probe  
  40  4:39  Probe  
  40  4:41  Nexus, Probe  
  40  4:45  Pylon  
  42  4:47  Pylon  
  42  4:54  Probe  
  42  4:57  Probe  
  44  5:06  Photon Cannon  
  44  5:09  Probe  
  44  5:10  Photon Cannon  
  44  5:13  Photon Cannon  
  45  5:16  Photon Cannon  
  45  5:19  Photon Cannon  
  45  5:21  Assimilator, Probe  
  46  5:26  Assimilator, Gateway  
  46  5:29  Protoss Shields Level 1  
  46  5:46  Probe  
  47  5:50  Probe  
  47  5:52  Probe  
  49  5:58  Probe x2  
  49  6:02  Gateway  
  51  6:04  Gateway, Probe  
  51  6:05  Gateway  
  51  6:08  Probe  
  51  6:10  Probe  
  54  6:16  Probe  
  55  6:20  Probe  
  55  6:22  Probe  
  57  6:28  Probe  
  57  6:30  Cybernetics Core  
  57  6:31  Pylon  
  57  6:32  Probe  
  59  6:34  Pylon, Probe  
  60  6:40  Pylon, Probe  
  60  6:42  Pylon  
  60  6:44  Probe  
  60  6:45  Pylon  
  60  6:46  Pylon  
  62  6:47  Pylon  
  62  6:49  Pylon  
  62  6:50  Warp Gate  
  62  6:52  Pylon  
  62  6:56  Probe  
  63  7:08  Cybernetics Core  
  63  7:09  Probe  
  63  7:12  Stargate  
  63  7:13  Stargate  
  64  7:16  Stargate  
  64  7:19  Protoss Ground Armor Level 1, Stargate  
  64  7:21  Stargate  
  64  7:26  Nexus  
  64  7:30  Pylon  
  64  7:33  Pylon  
  64  7:35  Assimilator  
  64  7:39  Assimilator  
  64  7:44  Twilight Council  
  64  7:55  Probe  
  64  7:56  Protoss Air Weapons Level 1  
  65  8:04  Void Ray  
  65  8:05  Void Ray x3  
  81  8:06  Void Ray  
  81  8:07  Probe  
  86  8:16  Fleet Beacon  
  86  8:19  Probe  
  86  8:35  Protoss Air Armor Level 1  
  86  8:42  Stalker x3  
  86  8:43  Stalker  
  94  8:49  Shield Battery  
  90  9:02  Void Ray x5  
  85  9:17  Protoss Shields Level 2  
  85  9:45  Void Ray x5  
  105  10:03  Nexus  
  105  10:05  Assimilator  
  105  10:07  Protoss Air Weapons Level 2  
  105  10:09  Assimilator  
  105  10:32  Probe  
  106  10:39  Probe  
  107  10:44  Probe  
  108  10:51  Probe  
  108  10:56  Probe  
  110  11:01  Nexus  
  110  11:03  Probe  
  99  11:08  Probe  
  92  11:15  Probe  
  52  11:25  Void Ray x2  
  52  11:26  Void Ray x3  
  68  11:52  Stalker x2  
  68  11:53  Stalker x2  
  16  12:25  Stalker x3  
  16  12:26  Stalker  
Show
View Real Time Build Order
Export as new Build Order

ZON Protoss 

Build Orders: 1 Gate Expand, Oracle Opening, Archon Immortal 

Get SALT Encoding   

  12  0:01  Probe  
  13  0:13  Probe  
  14  0:20  Pylon  
  14  0:25  Probe  
  15  0:38  Probe  
  15  0:40  Gateway  
  16  0:44  Assimilator  
  16  0:50  Probe  
  17  1:02  Probe  
  18  1:14  Probe  
  19  1:30  Nexus  
  19  1:40  Probe  
  19  1:43  Cybernetics Core  
  19  1:45  Pylon  
  20  1:52  Probe  
  21  1:55  Assimilator  
  21  2:04  Probe  
  21  2:08  Warp Gate  
  22  2:16  Probe  
  23  2:28  Probe  
  24  2:30  Stargate  
  24  2:40  Probe  
  24  2:43  Probe  
  24  2:46  Gateway  
  24  2:48  Probe  
  24  2:51  Probe  
  25  2:56  Probe  
  27  3:01  Probe  
  27  3:02  Pylon  
  27  3:04  Oracle  
  29  3:07  Probe  
  30  3:13  Probe  
  30  3:19  Probe  
  35  3:28  Probe  
  35  3:29  Robotics Facility  
  35  3:31  Probe  
  37  3:38  Probe  
  38  3:43  Probe  
  38  3:47  Probe  
  39  3:54  Assimilator  
  39  3:55  Probe  
  41  3:58  Pylon  
  41  4:01  Twilight Council  
  41  4:07  Probe  
  42  4:13  Immortal  
  42  4:19  Probe  
  42  4:23  Charge, Probe  
  45  4:31  Probe  
  45  4:32  Pylon  
  45  4:35  Probe  
  45  4:38  Gateway  
  47  4:43  Probe  
  48  4:49  Gateway  
  48  4:52  Nexus  
  48  4:55  Assimilator, Probe  
  49  5:00  Immortal  
  53  5:08  Templar Archives, Probe  
  53  5:13  Zealot  
  56  5:15  Adept  
  56  5:18  Probe  
  59  5:22  Probe  
  59  5:25  Pylon  
  60  5:30  Probe  
  61  5:35  Gateway  
  61  5:36  Gateway  
  61  5:42  Probe  
  62  5:45  Shield Battery  
  62  5:47  Probe  
  63  5:52  Immortal  
  63  5:54  Probe  
  68  5:57  High Templar x2  
  68  6:01  Probe  
  68  6:04  Archon, Probe  
  73  6:07  Probe  
  75  6:12  Probe  
  75  6:13  Gateway, Probe  
  77  6:19  Probe  
  77  6:21  Probe  
  77  6:25  Pylon, Probe  
  80  6:29  Shield Battery  
  80  6:31  Probe  
  80  6:33  Stalker x3  
  80  6:37  Probe  
  88  6:41  Assimilator  
  88  6:43  Probe  
  88  6:44  Shield Battery  
  88  6:45  Assimilator  
  89  6:48  Psionic Storm  
  89  6:49  Pylon  
  89  6:53  High Templar x2  
  93  6:56  Pylon  
  93  7:01  Archon  
  93  7:06  Stalker  
  93  7:07  Stalker x3  
  101  7:10  Observer  
  102  7:29  Nexus, Pylon  
  100  7:30  Stalker x3  
  100  7:31  Stalker  
  100  7:32  Probe  
  100  7:34  Probe  
  100  7:35  Observer  
  111  7:39  Stalker x2  
  114  7:53  Stalker x3  
  114  7:58  Blink  
  114  8:00  Probe  
  109  8:07  Shield Battery  
  91  8:28  Probe, Immortal  
  91  8:33  Stalker x4  
  95  8:38  Probe  
  93  8:46  Probe x2  
  95  8:55  Nexus  
  94  8:56  Pylon, Probe  
  94  8:57  High Templar x3  
  94  8:58  High Templar  
  94  8:59  Pylon, Zealot x3  
  94  9:00  Warp Prism  
  94  9:01  Archon x2  
  109  9:07  Probe  
  112  9:19  Gateway x2  
  112  9:22  Stalker x3  
  118  9:38  Forge  
  118  9:42  Forge  
  118  9:47  Forge  
  118  9:48  Pylon  
  118  9:54  Shield Battery  
  118  9:57  Shield Battery  
  118  9:58  Shield Battery  
  118  10:00  Forge, Probe x3  
  118  10:02  Protoss Ground Weapons Level 1, Protoss Ground Armor Level 1, Protoss Shields Level 1  
  118  10:03  High Templar x2  
  118  10:04  Pylon, High Templar x2  
  118  10:05  Zealot x3  
  135  10:12  Probe  
  136  10:15  Probe  
  136  10:17  Shield Battery  
  136  10:19  Gateway  
  137  10:22  Pylon, Gateway  
  137  10:23  Pylon, Probe  
  138  10:33  Probe  
  134  11:10  Stalker x3  
  134  11:11  Stalker x4  
  123  11:12  Stalker x2  
  115  11:36  Stalker x6  
  115  11:37  Stalker x5  
  127  11:56  Nexus  
  99  12:27  Archon  
Show
View Real Time Build Order
Export as new Build Order

Brunoma Protoss 

Build Orders: Zealot Archon 

Get SALT Encoding   

  12  0:02  Probe  
  13  0:13  Pylon  
  13  0:17  Probe  
  14  0:30  Assimilator, Probe  
  15  0:42  Probe  
  16  0:45  Gateway  
  16  0:54  Probe  
  17  0:58  Assimilator  
  17  1:06  Probe  
  18  1:15  Gateway  
  18  1:18  Probe  
  19  1:26  Probe  
  20  1:35  Cybernetics Core  
  20  1:38  Probe  
  21  1:49  Pylon  
  21  1:59  Probe  
  22  2:27  Probe  
  22  2:29  Nexus  
  23  2:36  Stalker  
  25  2:41  Stalker  
  24  2:44  Warp Gate  
  27  2:54  Probe  
  28  3:05  Pylon  
  28  3:06  Probe  
  28  3:09  Stalker  
  31  3:17  Robotics Facility  
  31  3:23  Probe  
  32  3:32  Pylon  
  32  3:35  Probe  
  32  3:38  Stalker  
  35  3:51  Twilight Council  
  35  3:56  Forge  
  35  4:05  Observer  
  35  4:06  Stalker  
  38  4:13  Probe x2  
  40  4:17  Assimilator  
  40  4:25  Probe  
  41  4:33  Protoss Ground Weapons Level 1  
  41  4:46  Gateway x2  
  41  4:49  Gateway  
  41  4:59  Gateway  
  41  5:01  Gateway  
  41  5:03  Probe x2  
  43  5:15  Probe x2  
  45  5:22  Twilight Council  
  45  5:44  Templar Archives  
  45  5:45  Blink  
  45  5:49  Stalker  
  47  5:50  Stalker x4  
  55  6:02  Assimilator  
  55  6:07  Probe  
  55  6:08  Probe  
  57  6:20  Probe x2  
  57  6:23  Pylon  
  59  6:27  Pylon  
  59  6:28  Probe x2  
  61  6:36  Probe  
  61  6:37  Probe  
  63  6:47  High Templar x3, Probe  
  63  6:48  High Templar  
  72  6:56  Photon Cannon  
  72  7:00  Photon Cannon, Archon x2  
  72  7:02  High Templar  
  74  7:27  High Templar x2  
  78  7:35  Pylon  
  78  7:37  Pylon  
  78  7:44  Protoss Ground Weapons Level 2  
  78  7:53  Pylon  
  78  7:54  Archon  
  78  7:57  High Templar  
  80  8:25  Nexus  
  80  8:27  Pylon  
  80  8:31  Pylon  
  80  8:34  Assimilator  
  80  8:38  Assimilator  
  80  8:51  Photon Cannon  
  80  8:54  Photon Cannon  
  80  8:58  Photon Cannon, Probe x2  
  82  9:05  High Templar  
  82  9:06  High Templar x4  
  92  9:10  Probe x2  
  92  9:12  Archon x3  
  94  9:17  High Templar  
  94  9:22  Probe x2  
  98  9:25  Archon  
  98  9:43  Stalker x4  
  98  9:44  Stalker x2  
  110  9:54  Probe x3  
  113  10:06  Probe x3  
  116  10:13  Protoss Ground Armor Level 1, Immortal  
  120  10:17  Robotics Facility  
  120  10:18  Probe x3  
  123  10:27  Stalker x4  
  123  10:28  Stalker  
  133  10:36  Pylon  
  133  10:37  Pylon  
  133  10:38  Pylon  
  133  10:40  Pylon  
  133  10:55  Observer  
  92  11:13  Stalker  
  92  11:14  Stalker x5  
  92  11:15  Stalker  
  106  11:46  Nexus  
  106  11:48  Pylon  
  106  11:50  Pylon  
  106  11:53  Pylon  
  106  12:13  Stalker  
  106  12:14  Stalker x4  
  106  12:15  Stalker x2  
Show
View Real Time Build Order
Export as new Build Order

TiME Zerg 

Build Orders: Hatch First, Roach Hydra, Roach Nydus 

Get SALT Encoding   

  12  0:01  Drone  
  13  0:13  Overlord  
  13  0:18  Drone  
  14  0:32  Drone x2  
  16  0:36  Drone  
  17  0:58  Drone  
  17  1:00  Drone  
  17  1:02  Hatchery  
  18  1:12  Extractor  
  18  1:16  Spawning Pool  
  16  1:19  Drone  
  16  1:22  Drone  
  18  1:33  Drone  
  19  1:44  Overlord  
  19  2:06  Queen  
  21  2:14  Queen  
  23  2:16  Drone x4  
  27  2:31  Overlord  
  27  2:32  Drone  
  27  2:36  Drone  
  29  2:44  Lair  
  29  2:50  Drone x3  
  32  2:52  Queen  
  34  2:58  Evolution Chamber  
  34  3:00  Roach Warren  
  34  3:01  Drone  
  34  3:03  Drone  
  34  3:08  Drone  
  34  3:10  Drone  
  36  3:16  Overlord  
  36  3:20  Drone x3  
  36  3:24  Drone  
  36  3:25  Drone  
  41  3:31  Drone x2  
  43  3:34  Zerg Missile Weapons Level 1  
  43  3:36  Extractor  
  43  3:37  Drone  
  43  3:38  Extractor  
  43  3:39  Drone  
  43  3:48  Drone  
  44  3:51  Drone  
  45  4:00  Drone  
  45  4:01  Drone x2  
  48  4:03  Overlord x2  
  48  4:11  Glial Reconstitution, Evolution Chamber  
  48  4:16  Pneumatized Carapace  
  47  4:18  Drone  
  47  4:20  Overlord  
  48  4:29  Roach x2  
  48  4:30  Roach x3  
  58  4:37  Extractor  
  57  4:52  Drone x3, Nydus Network  
  60  4:57  Overlord  
  60  4:58  Overlord  
  63  5:00  Roach x3  
  63  5:06  Roach  
  67  5:16  Roach x4  
  67  5:21  Drone x2  
  77  5:27  Roach x3  
  83  5:33  Drone  
  84  5:42  Overlord x2  
  84  5:46  Zerg Missile Weapons Level 2  
  84  5:50  Overlord  
  84  5:51  Overlord  
  84  6:03  Nydus Canal  
  84  6:07  Spore Crawler  
  84  6:09  Hydralisk Den  
  82  6:12  Spore Crawler x2  
  82  6:14  Zerg Ground Armor Level 1  
  82  6:17  Overlord x2  
  80  6:21  Spore Crawler  
  80  6:23  Spore Crawler, Drone x2  
  80  6:24  Drone x2  
  82  6:29  Drone  
  82  6:30  Drone  
  84  6:39  Grooved Spines  
  84  6:40  Hydralisk  
  84  6:41  Hatchery  
  85  6:54  Hydralisk x3  
  85  6:55  Hydralisk  
  90  7:02  Spore Crawler, Hydralisk  
  84  7:17  Hydralisk x3  
  84  7:18  Hydralisk  
  92  7:31  Hydralisk x2  
  92  7:32  Hydralisk  
  92  7:36  Queen  
  100  7:40  Drone x2  
  102  7:51  Muscular Augments  
  102  7:54  Drone x5  
  102  7:55  Drone  
  108  8:02  Spore Crawler  
  107  8:06  Spore Crawler  
  107  8:08  Drone  
  107  8:09  Drone, Spine Crawler  
  107  8:10  Spore Crawler  
  106  8:15  Overlord x2  
  106  8:31  Overlord  
  106  8:44  Lurker Den, Hydralisk x5  
  106  8:45  Hydralisk x2  
  117  9:03  Hydralisk x3  
  117  9:04  Roach x2  
  119  9:26  Hydralisk  
  119  9:27  Hydralisk x7  
  119  9:37  Queen  
  111  9:42  Extractor  
  111  9:44  Extractor, Zerg Ground Armor Level 2  
  109  9:46  Drone  
  109  9:47  Drone  
  111  9:54  Drone x2  
  111  9:55  Drone x3  
  116  10:05  Ravager x2  
  116  10:06  Ravager  
  119  10:13  Drone x3  
  119  10:14  Drone x2  
  124  10:23  Spore Crawler, Lurker x2, Hydralisk  
  124  10:24  Hydralisk  
  124  10:26  Overlord  
  129  10:44  Hydralisk x3  
  129  10:45  Hydralisk  
  137  10:55  Hydralisk x5  
  137  10:56  Hydralisk  
  132  11:06  Hydralisk x3  
  124  11:21  Hydralisk x5  
  134  11:31  Hydralisk x2  
  138  11:37  Nydus Canal  
  138  11:59  Hydralisk  
  138  12:14  Drone  
  137  12:16  Overlord x5  
  137  12:17  Overlord x2  
Tags
 
Add a new tag
Caveats
  • Supply blocks, unpowered buildings, or Contaminate may cause inaccurate times.
  • Supply counts are checked every 10 seconds.